 Dungeon Crawl Stone Soup version 0.14-a0-1297-g3d87a2a (webtiles) character file.

281 PolkaDot the Ruinous (level 5, -1/35 HPs)
             Began as a Vampire Conjurer on Dec 4, 2013.
             Slain by a centaur skeleton (4 damage)
             ... on Level 5 of the Dungeon.
             The game lasted 00:15:45 (2737 turns).

PolkaDot the Ruinous (Vampire Conjurer)             Turns: 2737, Time: 00:15:45

HP  -1/35        AC  3     Str  7      XL: 5   Next: 27%
MP   3/9         EV 12     Int 23      God:
Gold 109         SH  0     Dex 14      Spells:  3 memorised,  1 level left

rFire  . . .     SeeInvis +     z - staff of cold
rCold  + . .     Clarity  .     a - +0 robe
rNeg   . . .     Conserve .     (no shield)
rPois  .         rCorr    .     e - +0 crested helmet
rElec  .         rRot     .     (no cloak)
SustAb . .       Spirit   .     (no gloves)
rMut   .         Warding  .     (no boots)
Saprov . . .     Stasis   .     (no amulet)
                                (no ring)
                                w - ring of wizardry

@: regenerating quickly, brilliant, slightly resistant to hostile enchantments,
stealthy
A: fangs 3, see invisible, unbreathing
a: no special abilities


You were on level 5 of the Dungeon.
You were full.

You visited 1 branch of the dungeon, and saw 5 of its levels.

You collected 109 gold pieces.

Inventory:

Hand weapons
 j - a +2,+0 elven dagger
Armour
 a - a +0 robe (worn)
 e - a +0 crested helmet (worn)
 h - a +0 elven leather armour
Magical devices
 g - a wand of fireball (0)
 q - a wand of random effects (10)
Scrolls
 b - a scroll of remove curse
 l - a scroll of enchant weapon II
Jewellery
 w - a ring of wizardry (left hand)
Potions
 x - a potion of berserk rage {unknown}
Books
 c - a book of Conjurations

   Spells                             Type                      Level
   *Magic Dart                        Conjuration                  1
   *Searing Ray                       Conjuration                  2
   Dazzling Spray                     Conjuration/Hexes            3
   *Iskenderun's Mystic Blast         Conjuration                  4
   Iskenderun's Battlesphere          Conjuration/Charms           4
   Fulminant Prism                    Conjuration/Hexes            5
 v - a book of Hinderance

   Spells                             Type                      Level
   Confusing Touch                    Hexes                        1
   Slow                               Hexes                        2
   Confuse                            Hexes                        3
   Petrify                            Transmutation/Earth          4
   Leda's Liquefaction                Hexes/Earth                  4
   Metabolic Englaciation             Hexes/Ice                    6
Magical staves
 z - an uncursed staff of cold (weapon)


   Skills:
 + Level 1.5 Armour
 - Level 2.1 Dodging
 - Level 3.0 Stealth
 - Level 2.0 Spellcasting
 * Level 4.6 Conjurations


You had one spell level left.
You knew the following spells:

 Your Spells              Type           Power        Failure   Level  Hunger
a - Magic Dart            Conj           ####         1%          1    #......
d - Iskenderun's Mystic   Conj           #####...     2%          4    #####..
s - Searing Ray           Conj           #####.       1%          2    ##.....


Dungeon Overview and Level Annotations

Branches:
Dungeon (5/16)
 Temple: D:4-7

Altars:
Okawaru
Xom

Shops:
D:4 [


Innate Abilities, Weirdness & Mutations

Your natural rate of healing is unusually fast.
You have razor-sharp teeth.*
You have supernaturally acute eyesight.
You can survive without breathing.*


Message History

The centaur skeleton hits you.
You hit the centaur skeleton but do no damage.
You bite the centaur skeleton, but do no damage.
The centaur skeleton hits you.
You hit the centaur skeleton.
The centaur skeleton closely misses you.
The centaur skeleton hits you.
* * * LOW HITPOINT WARNING * * *
Casting: Searing Ray
Confirm with . or Enter, or press ? or * to list all spells.
Okay, then.
The centaur skeleton hits you.
* * * LOW HITPOINT WARNING * * *
Drink which item? (? for menu, Esc to quit)
You feel better. The centaur skeleton hits you.
* * * LOW HITPOINT WARNING * * *
Drink which item? (? for menu, Esc to quit)
You feel clever all of a sudden. The centaur skeleton hits you.
You die...

...# ...#
...# ...#
...+
#######...###
#.....%.....#
#Z#########.#
#@# #.# #.#
#.# #.# #.#
#.# #.# #(#


You could see a centaur skeleton.

Vanquished Creatures
  Sigmund (D:2)
  Terence (D:2)
  4 worms
  2 giant geckos (D:2)
  2 oozes
  An orc (D:3)
  A ball python (D:5)
  5 bats
  4 giant cockroaches
  4 goblins
  6 hobgoblins
  7 jackals
  4 kobolds
  2 quokkas
  3 giant newts
  7 rats
54 creatures vanquished.

Notes
Turn   | Place    | Note
--------------------------------------------------------------
     0 | D:1      | PolkaDot, the Vampire Conjurer, began the quest for the Orb.
     0 | D:1      | Reached XP level 1. HP: 13/13 MP: 3/3
   375 | D:1      | Reached XP level 2. HP: 10/19 MP: 2/4
   701 | D:1      | Learned a level 2 spell: Searing Ray
  1253 | D:2      | Reached XP level 3. HP: 7/24 MP: 0/6
  1440 | D:2      | Noticed Terence
  1443 | D:2      | Paralysed by a potion of paralysis for 7 turns
  1615 | D:2      | Killed Terence
  1615 | D:2      | Reached skill level 4 in Conjurations
  1688 | D:2      | Found an iron altar of Okawaru.
  2001 | D:2      | Reached XP level 4. HP: 30/30 MP: 7/7
  2016 | D:2      | Noticed Sigmund
  2030 | D:2      | Killed Sigmund
  2030 | D:2      | Reached skill level 1 in Armour
  2030 | D:2      | Reached XP level 5. HP: 12/35 MP: 5/9
  2336 | D:3      | Found a shimmering altar of Xom.
  2351 | D:3      | Learned a level 4 spell: Iskenderun's Mystic Blast
  2548 | D:4      | Found Noeruo's Armour Shoppe.
  2699 | D:5      | Entered Level 5 of the Dungeon
  2734 | D:5      | HP: 1/35 [centaur skeleton (6)]
  2737 | D:5      | Slain by a centaur skeleton

Action                   |  1- 3 |  4- 6 || total
-------------------------+-------+-------++-------
Melee: Unarmed           |    26 |       ||    26
       Dagger            |    75 |       ||    75
       Mace              |    22 |    39 ||    61
       Staff             |       |     4 ||     4
 Cast: Magic Dart        |    34 |       ||    34
       Searing Ray       |     6 |     8 ||    14
Evoke: Wand              |     2 |     3 ||     5
  Use: Potion            |     4 |     2 ||     6
       Scroll            |       |    14 ||    14
 Stab: Sleeping          |     4 |     1 ||     5
